Map: Frozen Temple

Players

Nickos

  • Race: Terran Terran
  • League: Gold

Roeg - Winner!

  • Race: Terran Terran

VOD

Have the link to the VOD?

Description

Time

  • Played on: Sept. 5, 2016, 2:13 a.m.
  • Length: 11:19
Show
View Real Time Build Order
Export as new Build Order

Nickos Terran 

Build Orders: Reaper Expand, MMM Bio 

Get SALT Encoding   

  12  0:02  SCV  
  13  0:14  SCV  
  13  0:18  Supply Depot  
  14  0:26  SCV  
  15  0:40  SCV  
  15  0:41  Barracks  
  16  0:45  Refinery  
  16  0:52  SCV  
  17  1:04  SCV  
  18  1:16  SCV  
  19  1:32  Orbital Command  
  19  1:34  Reaper  
  20  1:47  Command Center  
  20  1:58  SCV  
  21  2:06  Barracks  
  21  2:10  SCV  
  22  2:22  SCV  
  22  2:36  Barracks Reactor  
  22  2:40  Refinery  
  22  2:41  Factory  
  22  2:48  SCV  
  23  3:00  SCV  
  24  3:08  Barracks Tech Lab  
  24  3:12  SCV  
  24  3:15  Barracks  
  24  3:16  Orbital Command  
  24  3:17  Barracks, Marine  
  24  3:18  Marine  
  26  3:25  SCV  
  27  3:28  Stimpack  
  27  3:32  Marauder  
  29  3:37  SCV  
  29  3:41  Starport  
  30  3:43  SCV  
  30  3:48  Marine  
  31  3:49  SCV  
  31  3:50  Factory Reactor  
  33  3:58  SCV  
  33  3:59  Marine  
  33  4:01  Marauder, SCV  
  38  4:05  Supply Depot  
  38  4:16  Barracks Reactor x2  
  38  4:27  SCV x2, Marine x3  
  43  4:38  Supply Depot  
  43  4:39  Medivac, SCV  
  46  4:52  Command Center  
  46  4:59  Medivac, SCV x2  
  50  5:03  Engineering Bay  
  50  5:05  Marine x3  
  50  5:06  Marine  
  54  5:22  Factory Tech Lab  
  54  5:30  Engineering Bay  
  54  5:31  Terran Infantry Weapons Level 1  
  54  5:37  Supply Depot  
  54  5:41  Supply Depot  
  54  5:46  Combat Shields  
  54  5:59  Medivac, SCV x2, Marine x3  
  54  6:00  Marine  
  54  6:02  Marine x3  
  65  6:04  Supply Depot  
  65  6:07  Medivac, Supply Depot  
  65  6:11  SCV x2  
  69  6:16  Marine x2  
  71  6:41  Marine  
  71  6:42  Marine x4  
  71  6:43  Medivac, Marine x2  
  71  6:44  Medivac  
  72  6:59  Marine  
  72  7:00  Marine x2  
  75  7:01  Marine x3  
  75  7:02  Marine  
  75  7:04  Supply Depot  
  75  7:05  Supply Depot  
  75  7:06  SCV x2  
  75  7:08  Orbital Command  
  81  7:09  Armory  
  81  7:13  Refinery  
  81  7:17  Marine  
  81  7:18  Marine, SCV x2  
  81  7:19  Marine x2  
  87  7:23  Terran Infantry Armor Level 1  
  87  7:30  SCV  
  87  7:31  SCV  
  89  7:38  SCV  
  89  7:41  Marine x3  
  89  7:42  Marine x4  
  89  7:43  Medivac, SCV x2  
  101  7:48  Supply Depot  
  101  7:50  Supply Depot  
  101  7:53  SCV  
  101  7:55  SCV  
  101  7:58  Terran Vehicle Weapons Level 1  
  103  8:04  SCV  
  104  8:05  SCV  
  104  8:07  SCV, Marine x4  
  104  8:08  Marine x3  
  113  8:16  Medivac, SCV  
  113  8:18  SCV  
  113  8:19  SCV  
  118  8:24  Marine  
  119  8:28  SCV  
  119  8:30  SCV  
  119  8:31  SCV  
  122  8:35  Refinery  
  122  8:37  Command Center, Marine x5  
  122  8:38  Marine  
  122  8:40  Medivac, SCV  
  131  8:42  Marine, SCV  
  131  8:43  SCV  
  131  8:44  Supply Depot  
  131  8:46  Medivac  
  131  8:47  Supply Depot  
  136  8:54  Marine  
  138  8:55  SCV  
  138  8:56  Marine  
  138  8:57  Marine x2  
  141  9:05  Siege Tank, Marine x3  
  141  9:06  SCV x2  
  141  9:08  SCV  
  150  9:10  Medivac  
  150  9:13  Supply Depot  
  150  9:15  Supply Depot  
  152  9:20  SCV x2  
  152  9:22  Sensor Tower  
  154  9:33  Marine x3  
  154  9:35  Marine x4  
  161  9:40  Supply Depot  
  161  9:43  SCV  
  161  9:44  Supply Depot, SCV  
  161  9:45  Supply Depot  
  163  9:51  Marine  
  164  10:03  Siege Tank  
  164  10:05  Supply Depot  
  167  10:12  Marine x4  
  167  10:13  Medivac  
  173  10:14  Marine x3  
  176  10:26  Medivac  
  178  10:29  Marine  
  178  10:30  Marine x3  
  178  10:32  Marine  
  186  10:42  Siege Tank  
Show
View Real Time Build Order
Export as new Build Order

Roeg Terran - Winner!

Build Orders: Command Center First (CC), MMM Bio 

Get SALT Encoding   

  12  0:01  SCV  
  13  0:13  SCV  
  14  0:18  Supply Depot  
  14  0:25  SCV  
  15  0:39  SCV  
  16  0:51  SCV  
  17  1:02  Command Center  
  17  1:04  SCV  
  18  1:15  Barracks  
  18  1:21  SCV  
  19  1:32  Barracks  
  19  1:34  SCV  
  20  1:46  SCV  
  21  2:03  Marine  
  21  2:08  Bunker  
  22  2:11  Orbital Command  
  22  2:13  Orbital Command  
  22  2:18  Supply Depot  
  22  2:19  Marine  
  22  2:21  Marine  
  24  2:38  SCV  
  24  2:39  SCV  
  25  3:00  Marine x2  
  27  3:09  SCV x2  
  29  3:14  Barracks  
  29  3:16  Barracks  
  29  3:17  Barracks x2  
  29  3:20  Refinery  
  29  3:21  SCV x2  
  29  3:25  Supply Depot  
  29  3:26  Marine x2  
  33  3:33  SCV x2  
  35  3:46  SCV x2  
  37  3:50  Supply Depot  
  37  3:52  Marine  
  39  3:57  Barracks Tech Lab  
  39  3:58  SCV x2  
  39  4:02  Marine  
  41  4:03  Marine  
  41  4:04  Marine x2  
  44  4:10  SCV x2  
  44  4:13  Supply Depot, Marine  
  47  4:18  Marine  
  47  4:20  Marine  
  47  4:21  Marine  
  50  4:25  Refinery  
  50  4:31  Stimpack  
  50  4:35  Marine x3  
  50  4:36  Supply Depot  
  53  4:39  SCV x2  
  53  4:42  Command Center  
  53  4:45  Marauder, Marine x2  
  59  4:54  Barracks Tech Lab  
  59  4:55  Marine x2  
  59  4:59  Supply Depot  
  62  5:00  SCV x2  
  62  5:03  Marine  
  62  5:04  Engineering Bay  
  64  5:07  Engineering Bay  
  64  5:12  SCV x2  
  64  5:13  Combat Shields  
  66  5:14  Marine  
  66  5:16  Marine  
  66  5:17  Marine  
  66  5:18  Marine  
  70  5:25  Marauder, Marine  
  73  5:32  Marine  
  73  5:33  SCV x2, Factory  
  76  5:40  Refinery  
  76  5:41  Refinery  
  76  5:44  Marauder  
  76  5:45  SCV x2, Marine  
  76  5:46  Marine  
  76  5:47  Marine  
  83  5:53  Marauder  
  83  5:54  Supply Depot, Marine  
  86  5:57  SCV  
  86  6:02  Orbital Command  
  87  6:10  Marine  
  87  6:11  Marine x2, Marauder  
  92  6:12  Marine  
  92  6:13  SCV x2  
  92  6:14  Terran Infantry Weapons Level 1  
  92  6:16  Terran Infantry Armor Level 1  
  95  6:19  Supply Depot  
  95  6:25  SCV  
  95  6:52  Marauder x2, Marine x4  
  95  6:54  Starport  
  103  7:08  Missile Turret  
  103  7:18  SCV x3  
  103  7:21  Barracks Tech Lab, Marauder x2  
  110  7:22  Barracks Tech Lab  
  110  7:23  Barracks Reactor  
  110  7:24  Barracks Reactor  
  110  7:26  Missile Turret  
  110  7:27  Missile Turret  
  110  7:30  Missile Turret x2, SCV x2  
  110  7:31  Barracks  
  110  7:33  Factory Reactor, Barracks  
  110  7:36  Viking  
  114  7:40  Marauder  
  114  7:44  SCV  
  117  7:48  Supply Depot  
  117  7:54  Armory  
  117  7:59  Concussive Shells  
  117  8:00  SCV x3  
  117  8:04  Marauder x2  
  124  8:05  Marine  
  124  8:10  Marauder x2, Marine x3  
  132  8:13  Supply Depot  
  132  8:16  Supply Depot  
  132  8:21  SCV  
  132  8:23  Barracks Reactor x2  
  133  8:27  Supply Depot  
  133  8:31  Supply Depot  
  133  8:32  SCV, Marine x2  
  133  8:33  Marauder x2  
  140  8:35  Medivac x2  
  140  8:40  Supply Depot  
  144  8:46  Terran Infantry Weapons Level 2  
  144  8:51  Supply Depot  
  144  8:52  Terran Infantry Armor Level 2  
  144  8:58  Refinery  
  144  8:59  Refinery, SCV x2  
  148  9:03  Marauder  
  148  9:10  Medivac  
  148  9:12  Medivac  
  148  9:13  Command Center, Marine x2  
  148  9:14  Marine x4  
  148  9:16  SCV  
  159  9:17  Marine  
  160  9:27  Marauder x2, Marine x3  
  160  9:31  Marine, SCV x2  
  169  9:32  SCV  
  171  9:51  Sensor Tower  
  171  9:54  Missile Turret  
  171  9:56  Marine x2, Marauder x3  
  171  9:57  Marine  
  171  9:59  Missile Turret  
  180  10:00  Sensor Tower, Missile Turret  
  180  10:01  Missile Turret  
  180  10:02  Missile Turret  
  180  10:10  Marine  
  180  10:11  Marine x3, Marauder  
  186  10:18  Marauder  
  188  10:22  Marauder x2, Marine x3  
  188  10:24  Medivac  
  188  10:26  Medivac  
  199  10:31  Planetary Fortress  
Tags
 
Add a new tag
Caveats
  • Supply blocks, unpowered buildings, or Contaminate may cause inaccurate times.
  • Supply counts are checked every 10 seconds.